 Dungeon Crawl Stone Soup version 0.30-a0-715-gdb4ae3ece1 (webtiles) character file.

Game seed: 16313453290859426350

5167 flotson the Trooper (level 10, -2/71 HPs)
             Began as a Demonspawn Delver on Jan 23, 2023.
             Was a Follower of Hepliaklqana.
             Slain by a death yak (8 damage)
             ... on level 9 of the Dungeon.
             The game lasted 00:17:00 (8850 turns).

flotson the Trooper (Demonspawn Delver)             Turns: 8850, Time: 00:17:00

Health: -2/71      AC: 14    Str: 17    XL:     10   Next: 34%
Magic:  11/11      EV: 14    Int:  8    God:    Hepliaklqana [*.....]
Gold:   331        SH:  0    Dex: 13    Spells: 9/9 levels left

rFire   + . .      SeeInvis .    a - +5 flail
rCold   . . .      Faith    .    (no shield)
rNeg    . . .      Spirit   .    C - +3 leather armour of Love and Death {Will+}
rPois   +          Reflect  .    (no helmet)
rElec   +          Harm     .    h - +0 cloak
rCorr   .          Rampage  .    w - +0 pair of gloves
Will    +++++      Rage     50%  I - +0 pair of boots
Stlth   +++                      T - necklace of Bloodlust {Fury *Rage Will++ Int-3 Slay+6}
HPRegen 0.31/turn                q - ring of Xugioti {rElec rPois rF+ Will++ Dex-2}
MPRegen 0.12/turn                F - +4 ring of protection

@: on berserk cooldown, hasted and slowed
A: reduced essence, foul stench 2, spiny 2, weakness stinger 2
a: Renounce Religion, Recall Ancestor, Ancestor Identity


You were on level 9 of the Dungeon.
You worshipped Hepliaklqana.
Hepliaklqana was aware of your devotion.
You visited 2 branches of the dungeon, and saw 10 of its levels.
You also visited: Sewer.

You collected 572 gold pieces.
You spent 241 gold pieces at shops.

Inventory:

Hand Weapons
 a - a +5 flail (weapon)
 b - a +0 shortbow of draining
 N - a +0 hand axe
Missiles
 j - 25 poisoned darts
 k - 4 boomerangs (quivered)
Armour
 h - a +0 cloak (worn)
 w - a +0 pair of gloves (worn)
 C - the +3 leather armour of Love and Death (worn) {Will+}
   (You bought it in a shop on level 3 of the Dungeon)

   Will:      It increases your willpower.
 I - a +0 pair of boots (worn)
Jewellery
 q - the ring of Xugioti (left hand) {rElec rPois rF+ Will++ Dex-2}
   (You found it on level 2 of the Dungeon)

   [ring of poison resistance]

   Dex:       It affects your dexterity (-2).
   rF:        It protects you from fire.
   rElec:     It insulates you from electricity.
   rPois:     It protects you from poison.
   Will:      It greatly increases your willpower.
 F - a +4 ring of protection (right hand)
 P - a ring of protection from cold
 T - the necklace of Bloodlust (around neck) {Fury *Rage Will++ Int-3 Slay+6}
   (You found it on level 8 of the Dungeon)

   [amulet of nothing]

   Fury:      It extends the wearer's berserk rage when killing foes.
   Int:       It affects your intelligence (-3).
   Slay:      It affects your accuracy & damage with ranged weapons and melee
   (+6).
   *Rage:     It berserks you when you make melee attacks (+50% chance).
   Will:      It greatly increases your willpower.
Wands
 d - a wand of quicksilver (2)
 g - a wand of digging (11)
 B - a wand of paralysis (8)
 S - a wand of iceblast (8)
Scrolls
 c - 3 scrolls of fog
 f - 6 scrolls of teleportation
 i - a scroll of fear
 l - 4 scrolls of enchant weapon {unknown}
 n - 11 scrolls of identify
 s - a scroll of amnesia {unknown}
 t - a scroll of acquirement {unknown}
 u - a scroll of enchant armour {unknown}
 x - 4 scrolls of poison {unknown}
 y - 2 scrolls of vulnerability {unknown}
 E - 2 scrolls of blinking {unknown}
 G - a scroll of immolation {unknown}
 J - a scroll of brand weapon {unknown}
 R - 2 scrolls of torment {unknown}
 U - a scroll of magic mapping
Potions
 e - 2 potions of berserk rage {unknown}
 m - 4 potions of mutation
 o - 15 potions of curing {unknown}
 p - 3 potions of cancellation {unknown}
 r - 2 potions of magic {unknown}
 v - 2 potions of heal wounds {unknown}
 z - 2 potions of might {unknown}
 A - 2 potions of brilliance {unknown}
 D - a potion of degeneration {unknown}
 K - a potion of invisibility {unknown}
 L - 2 potions of lignification {unknown}
 M - 5 potions of flight
 O - a potion of ambrosia {unknown}
 Q - 3 potions of attraction {unknown}
Miscellaneous
 V - a box of beasts


   Skills:
 + Level 7.0 Fighting
 + Level 5.8 Axes
 + Level 5.0 Throwing
 + Level 5.6 Armour
 + Level 5.9 Dodging
 - Level 5.0 Stealth
 + Level 1.9 Invocations
 + Level 6.2 Evocations


You had 9 spell levels left.
You didn't know any spells.
Your spell library contained the following spells:

 Spells                   Type           Power      Damage    Failure   Level
 Cigotuvi's Dreadful Rot  Necr/Pois/Air  0%         N/A       61%         2
 Ignite Poison            Fire/Tmut/Pois 0%         N/A       83%         3
 Kindle Blastsparks       Fire/Tloc/Air  0%         2d10      83%         3
 Dispel Undead            Necr           0%         3d6       99%         4
 Freezing Cloud           Conj/Ice/Air   0%         6-21      100%        5
 Death Channel            Necr           0%         N/A       100%        6


Dungeon Overview and Level Annotations

Branches:
Dungeon (9/15)             Temple (1/1) D:5           Sewer (visited)
   Lair: D:8-11         Orc: D:9-12

Altars:
Ashenzari
Cheibriados
Dithmenos
Fedhas
Gozag
Hepliaklqana
Kikubaaqudgha
Makhleb
Nemelex Xobeh
Okawaru
Qazlal
Ru
Sif Muna
Trog
Uskayaw
Vehumet
Wu Jian
Xom
Yredelemnul

Shops:
D:1 ?   D:3 [   D:4 :

Annotations:
D:9 3 runed translucent doors


Innate Abilities, Weirdness & Mutations

Your life essence is reduced to manifest your ancestor. (-10% HP)
You sometimes emit foul miasma when damaged in melee.
You are mostly covered in sharp spines.
You have a tail ending in a sharp stinger.


Message History

Things that are here:
a +0 dagger; a +0 ring mail You feel a strong urge to attack something.
Sinnashi hits the death yak.
There is an open door here.
You bludgeon the death yak!!
Your tail-slap misses the death yak.
The death yak is moderately wounded.
Something gores Sinnashi.
Sinnashi hits the death yak.
The death yak is struck by your spines. The death yak gores you!
You bludgeon the death yak!!
The death yak is severely wounded.
You bludgeon the death yak!!
The death yak is almost dead.
Sinnashi hits the death yak but does no damage.
Something gores Sinnashi.
The death yak closely misses Sinnashi.
You sock the death yak!
You kill the death yak!
Your Fighting skill increases to level 7!
Your Throwing skill increases to level 5!
You swap places.
You are no longer berserk.
You are exhausted.
You feel yourself slow down.
The death yak gores you but does no damage.
The death yak closely misses you.
There is an open door, spattered with blood here.
You see here a death yak corpse.
Something gores Sinnashi!!
The death yak gores Sinnashi!
Sinnashi is destroyed!
The death yak attacks as you move away! The death yak gores you!!
* * * LOW HITPOINT WARNING * * *
As you read the scroll of fear, it crumbles to dust.
You assume a fearsome visage.
The death yak resists with some effort.
The death yak resists with almost no effort.
The death yak is struck by your spines. The death yak gores you.
* * * LOW HITPOINT WARNING * * *
The death yak is struck by your spines. The death yak barely misses you.
You feel yourself speed up. The death yak attacks as you move away!
The death yak gores you!
You die...

... #.≈.≈≈≈.≈.#.....
....####.≈.....≈.##..#.
.......#..≈≈≈≈≈..#.....
.....#..#########.#####
......)))).............
......†.)..............
.....####†########†#### ...
#Y.Yr............. #
#@####......###).#
#.............))..
################## #
#..........##..... #
#..........##..... #
#..........##.....
####################'#########'##
.................................
........###..#..####.............


You could see 2 death yaks and a hell rat.

Vanquished Creatures
  A death yak (D:9)
  A deep troll (D:8)
  Pikel (D:4)
  A troll (D:9)
  A wyvern (D:7)
  2 steam dragons
  Menkaure (D:5)
  A black bear (D:5)
  A sky beast (D:6)
  An orc warrior (D:9)
  3 ice beasts
  2 centaurs
  A phantom (D:5)
  A kobold brigand (D:8)
  3 bullfrogs
  A necrophage (D:4)
  2 scorpions
  3 wights (D:7)
  10 howler monkeys
  An electric eel (D:8)
  5 hounds
  3 orc priests
  Crazy Yiuf (D:3)
  A jelly (D:8)
  2 gnoll boudas
  3 iguanas
  6 orc wizards
  A hell rat (D:9)
  A sickly merfolk siren (Sewer)
  A malarious merfolk avatar (Sewer)
  15 gnolls
  5 adders
  6 river rats
  5 white imps
  An ufetubus (D:4)
  2 dart slugs (D:1)
  2 worms (D:4)
  18 orcs
  8 bats
  8 endoplasms
  8 giant cockroaches
  7 goblins
  6 hobgoblins
  9 jackals
  13 kobolds
  3 quokkas
  12 ball pythons
  8 frilled lizards
  27 rats
225 creatures vanquished.

Vanquished Creatures (collateral kills)
  An orc wizard (D:9)
1 creature vanquished.

Vanquished Creatures (others)
  An ancestor (D:9)
  2 plants
3 creatures vanquished.

Grand Total: 229 creatures vanquished

Notes
Turn   | Place    | Note
-------+----------+-------------------------------------------
     0 | D:5      | flotson the Demonspawn Delver began the quest for the Orb.
     0 | D:5      | Reached XP level 1. HP: 18/18 MP: 1/1
     2 | D:5      | Noticed an ice beast
    30 | D:4      | Noticed Pikel
    30 | D:4      | Noticed a lemure
    30 | D:4      | Noticed a lemure
    30 | D:4      | Noticed a lemure
    30 | D:4      | Noticed a lemure
    30 | D:4      | Noticed an orc wizard
    74 | D:4      | Noticed a necrophage
    97 | D:4      | Noticed a hound
   104 | D:4      | Gained mutation: You have a small tail. [demonic ancestry]
   104 | D:4      | Reached XP level 2. HP: 16/24 MP: 2/2
   105 | D:4      | Reached XP level 3. HP: 20/29 MP: 3/3
   149 | D:4      | Noticed a scorpion
   186 | D:4      | Reached skill level 1 in Evocations
   252 | D:4      | Reached skill level 1 in Armour
   265 | D:4      | HP: 1/29 [river rat (5)]
   394 | D:5      | Found a glowing drain.
   402 | Sewer    | Entered a sewer
   465 | Sewer    | Gained mutation: You are partially covered in sharp spines.
                  | [demonic ancestry]
   465 | Sewer    | Reached XP level 4. HP: 35/35 MP: 4/4
   972 | Sewer    | Gained mutation: You may rarely emit foul miasma when
                  | damaged in melee. [demonic ancestry]
   972 | Sewer    | Reached XP level 5. HP: 42/42 MP: 5/5
  1149 | D:5      | Reached skill level 5 in Stealth
  1181 | D:5      | Noticed Menkaure
  1321 | D:4      | Reached skill level 4 in Fighting
  1435 | D:4      | Gained mutation: You have a tail ending in a sharp stinger.
                  | [demonic ancestry]
  1435 | D:4      | Reached XP level 6. HP: 43/48 MP: 6/6
  2101 | D:2      | Identified the ring of Xugioti {rElec rPois rF+ Will++
                  | Dex-2}
  2194 | D:1      | Found Wesom's Magic Scroll Boutique.
  2207 | D:1      | Bought a scroll of identify for 26 gold pieces
  2207 | D:1      | Bought a scroll of identify for 26 gold pieces
  3211 | D:3      | Reached skill level 1 in Throwing
  3420 | D:3      | Found Quotunemp's Antique Armour Shop.
  3447 | D:3      | Found a stormy altar of Qazlal.
  3451 | D:3      | Bought a heavily runed leather armour for 189 gold pieces
  3451 | D:3      | Identified the +3 leather armour of Love and Death {Will+}
                  | (You bought it in a shop on level 3 of the Dungeon)
  3661 | D:3      | Found a runed translucent door.
  3662 | D:3      | Noticed Crazy Yiuf
  3671 | D:3      | Killed Crazy Yiuf
  3871 | D:4      | Found Bytaneg's Book Emporium.
  3871 | D:4      | Found a shadowy altar of Dithmenos.
  4013 | D:4      | Killed Pikel
  4014 | D:4      | Reached XP level 7. HP: 26/55 MP: 7/7
  4026 | D:4      | Gained mutation: You sometimes emit foul miasma when
                  | damaged in melee. [demonic ancestry]
  4026 | D:4      | Reached XP level 8. HP: 30/61 MP: 8/8
  4236 | D:4      | Found a broken altar of Ashenzari.
  4330 | D:5      | Killed Menkaure
  4331 | D:5      | Reached skill level 5 in Fighting
  4784 | D:5      | Found a staircase to the Ecumenical Temple.
  4812 | Temple   | Entered the Ecumenical Temple
  5694 | D:6      | Found an iron altar of Okawaru.
  6249 | D:6      | Reached XP level 9. HP: 69/69 MP: 9/9
  6657 | D:7      | Reached skill level 5 in Evocations
  6709 | D:7      | Reached skill level 6 in Fighting
  6768 | D:7      | Reached skill level 5 in Axes
  6909 | D:7      | Found a radiant altar of Vehumet.
  7114 | D:8      | Reached skill level 5 in Dodging
  7696 | D:8      | Reached skill level 5 in Armour
  7883 | D:8      | Noticed a deep troll
  7888 | D:8      | Found the necklace of Bloodlust {Fury *Rage Will++ Int-3
                  | Slay+6}
  7897 | D:8      | Killed a deep troll
  7898 | D:8      | Gained mutation: You are mostly covered in sharp spines.
                  | [demonic ancestry]
  7898 | D:8      | Reached XP level 10. HP: 77/77 MP: 10/10
  8183 | D:9      | Found a runed translucent gate.
  8184 | D:9      | Found a runed translucent gate.
  8185 | D:9      | Found a runed translucent gate.
  8186 | D:9      | Noticed a glowing orange brain
  8187 | D:9      | Noticed a white ugly thing
  8187 | D:9      | Noticed an anaconda
  8187 | D:9      | Noticed a brown ugly thing
  8187 | D:9      | Noticed a red ugly thing
  8187 | D:9      | Noticed a red ugly thing
  8188 | D:9      | an anaconda changed into a slime creature
  8188 | D:9      | Noticed a purple ugly thing
  8208 | D:9      | Found a hazy altar of Hepliaklqana.
  8208 | D:9      | Noticed a goliath frog
  8210 | D:9      | a goliath frog changed into a tyrant leech
  8212 | D:9      | a tyrant leech changed into a spark wasp
  8212 | D:9      | Noticed a spark wasp (glowing shapeshifter)
  8213 | D:9      | a spark wasp changed into an alligator
  8213 | D:9      | Noticed an alligator (glowing shapeshifter)
  8215 | D:9      | an alligator changed into a wolf spider
  8215 | D:9      | Noticed a wolf spider (glowing shapeshifter)
  8306 | D:9      | Became a worshipper of Hepliaklqana the Forgotten
  8519 | D:9      | Reached * piety under Hepliaklqana
  8828 | D:9      | Noticed a death yak
  8828 | D:9      | Noticed a death yak
  8831 | D:9      | Reached skill level 1 in Invocations
  8833 | D:9      | Noticed a death yak
  8843 | D:9      | Killed a death yak
  8844 | D:9      | Reached skill level 7 in Fighting
  8844 | D:9      | Reached skill level 5 in Throwing
  8850 | D:9      | Slain by a death yak

Illustrated notes

Levels and vault maps discovered:
D:1:      wander_arrival_fairy_ring, layout_basic, serial_shops,
          nicolae_diamond_shop
D:2:      layout_basic, serial_bayou_crossing
D:3:      layout_loops_ring, mainiacjoe_overflow_tiny_flanked, serial_shops,
          shop_coins, minmay_crystal_water, uniq_crazy_yiuf_cottage
D:4:      layout_rooms, mainiacjoe_overflow_chevrons,
          mainiacjoe_overflow_alcove_1, serial_shops, shop, uniq_pikel
D:5:      layout_layer_cave, kennysheep_slug_shrine,
          minmay_temple_entry_large_hall, portal_sewer_entry_e,
          serial_bayou_lagoon_a, uniq_menkaure
D:6:      layout_rooms, lemuel_coloured_pillars_altar, grunt_decor_cap,
          minivault_24, serial_bayou_pond_e, nicolae_hexahallways,
          chequers_serial_rivers_small_b
D:7:      layout_basic, mainiacjoe_overflow_24_doors
D:8:      layout_loops_ring, minivault_11, nicolae_water_bricks,
          hellmonk_guarded_unrand_vitality_bloodlust
D:9:      layout_stronghold, good_gods_temple_1, mainiacjoe_overflow_paths,
          dpeg_lair_monsters, ploomutoo_gammafunk_ghost_potion_laboratory
Temple:   nicolae_temple_x_marks_the_god

Skill      XL: |  1  2  3  4  5  6  7  8  9 10 |
---------------+-------------------------------+-----
Axes           | 2 3 4 5 |  5.8
Dodging        | 2 3 4 5 |  5.9
Evocations     | 1 2 3 4 5 6 |  6.2
Armour         | 1 2 3 4 5 |  5.6
Stealth        | 5 |  5.0
Fighting       | 4 5 6 7 |  7.0
Throwing       | 2 3 4 5 |  5.0
Invocations    | 1 |  1.9

Action                     |  1- 3 |  4- 6 |  7- 9 | 10-12 || total
---------------------------+-------+-------+-------+-------++-------
  Melee: Hand axe          |    54 |   188 |       |       ||   242
         Tailslap          |     6 |    31 |    21 |     5 ||    63
         Punch             |       |     2 |     1 |       ||     3
         Quarterstaff      |       |    17 |    67 |       ||    84
         Flail             |       |       |    63 |    28 ||    91
   Fire: Shortbow          |       |       |   126 |       ||   126
  Throw: Boomerang         |       |     7 |    14 |       ||    21
         Dart              |       |     2 |       |       ||     2
  Evoke: Wand              |     2 |     2 |     2 |       ||     6
    Use: Scroll            |     2 |       |       |     1 ||     3
         Potion            |     1 |       |       |     1 ||     2
   Stab: Sleeping          |       |     9 |       |       ||     9
         Paralysed         |       |       |     8 |       ||     8
 Armour: Leather armour    |     2 |     6 |    79 |    19 ||   106
         Scale mail        |    20 |    60 |       |       ||    80
  Dodge: Dodged            |    44 |    88 |   131 |    19 ||   282

Table legend: (Time is in decaauts)
 A = Elapsed time spent in this place.
 B = Non-inter-level travel time spent in this place.
 C = Inter-level travel time spent in this place.
 D = Time resting spent in this place.
 E = Time spent auto-exploring this place.
 F = Levels seen in this place.
 G = Mean time per level.
                   A        B        C        D        E       F      G
               +--------+--------+--------+--------+--------+-----+--------+
         Total |   9098 |   8886 |    212 |    507 |   6528 |  11 |  827.1 |
       Dungeon |   8225 |   8021 |    204 |    431 |   6051 |   9 |  913.9 |
        Temple |     58 |     50 |      8 |      0 |     46 |   1 |   58.0 |
         Sewer |    814 |    814 |      0 |     76 |    430 |   1 |  814.0 |
               +--------+--------+--------+--------+--------+-----+--------+

Top non-repeatable levels by time:
     D:5: 1388 daAuts
     D:8: 1127 daAuts
     D:4: 1089 daAuts
     D:3: 951 daAuts
     D:6: 932 daAuts
   Sewer: 814 daAuts
     D:1: 734 daAuts
     D:9: 723 daAuts
     D:2: 663 daAuts
     D:7: 613 daAuts
  Temple: 58 daAuts
